AoeStats
← seu madruga

Black Forest

509918749Analyzed
2v2 RM · 3d ago on Sep 28, 2026· 65m 33s· 4 players
Game mode
Random Map
Map size
Medium (4 player)
Population
200
Speed
Normal
Resources
Standard
Victory
Conquest
Starting age
Dark Age
Ending age
Imperial Age
RankedLock teamsTeams togetherTeam positionsShared explorationLock speedFull tech treeHidden civsTurbo modeCheats
Victory
Defeat
🇩🇪 Persians · Germany
915
+15
🇩🇪 Burgundians · Germany
914
+15
🇨🇱 Byzantines · Chile
907
-23
🇵🇾 Portuguese · Paraguay
896
-15
seu madruga
0:30 Loom
13:19 Feudal Age
13:49 Double-Bit Axe
14:13 Man-at-Arms
15:20 Arson
21:24 Horse Collar
24:41 Castle Age
25:59 Bow Saw
27:30 Gold Mining
27:57 Forging
31:38 Town Watch
32:29 Wheelbarrow
32:39 Iron Casting
32:05 Scale Mail Armor
31:36 Long Swordsman
37:23 Imperial Age
35:31 Heavy Plow
36:18 Town Patrol
36:34 Hand Cart
36:29 Husbandry
36:40 Bloodlines
37:05 Bloodlines
38:41 Scale Barding Armor
38:27 Cavalier
41:01 Crop Rotation
42:13 Chain Barding Armor
43:01 Chemistry
44:21 Blast Furnace
44:09 Plate Barding Armor
46:30 Elite Organ Gun
47:53 Arquebus
48:41 Siege Engineers
49:08 Ballistics
55:15 Conscription
kao3385
6:51 Loom
15:32 Feudal Age
20:34 Castle Age
19:20 Stone Mining
19:20 Double-Bit Axe
27:35 Bow Saw
27:13 Horse Collar
28:19 Forging
30:19 Heavy Plow
32:15 Wheelbarrow
32:36 Scale Mail Armor
33:12 Iron Casting
32:29 Fletching
32:39 Padded Archer Armor
33:28 Chain Mail Armor
34:16 Pikeman
34:58 Squires
35:03 Arson
35:16 Bodkin Arrow
35:38 Leather Archer Armor
35:47 Ballistics
37:36 Thumb Ring
37:05 Elite Skirmisher
37:14 Crossbowman
38:32 Gold Mining
40:03 Gold Shaft Mining
40:06 Stone Shaft Mining
40:00 Hand Cart
43:29 Imperial Age
47:03 Arbalester
47:09 Halberdier
51:22 Plate Mail Armor
51:24 Ring Archer Armor
50:54 Bracer
52:53 Chemistry
59:21 Scale Barding Armor
[GER] Felix
0:47 Loom
5:54 Wheelbarrow
14:57 Feudal Age
13:42 Horse Collar
13:54 Double-Bit Axe
21:01 Castle Age
20:39 Hand Cart
20:17 Fletching
21:25 Stone Mining
22:00 Bodkin Arrow
29:04 Imperial Age
27:11 Padded Archer Armor
28:19 Caravan
28:51 Fortified Wall
30:45 Chemistry
35:45 Conscription
36:55 Bracer
37:15 Leather Archer Armor
39:44 Elite Coustillier
41:18 Scale Barding Armor
41:24 Forging
40:40 Elite Skirmisher
43:50 Iron Casting
44:24 Chain Barding Armor
44:28 Gold Mining
44:41 Murder Holes
44:57 Masonry
45:32 Ballistics
46:29 Blast Furnace
46:07 Plate Barding Armor
45:35 Husbandry
45:10 Light Cavalry
46:37 Hussar
48:47 Squires
48:10 Pikeman
48:35 Arson
53:42 Heavy Plow
53:56 Bow Saw
55:14 Burgundian Vineyards
59:41 Architecture
59:34 Bombard Tower
karkarott
1:10 Loom
12:47 Feudal Age
18:07 Castle Age
17:22 Stone Mining
17:22 Double-Bit Axe
17:20 Horse Collar
17:33 Gold Mining
21:02 Wheelbarrow
23:23 Heavy Plow
25:22 Hand Cart
25:38 Bow Saw
25:47 Town Watch
27:24 Town Patrol
31:19 Imperial Age
29:25 Ballistics
29:02 Murder Holes
29:40 Forging
30:50 Gold Shaft Mining
30:51 Stone Shaft Mining
30:29 Caravan
30:58 Husbandry
31:09 Bloodlines
31:39 Kamandaran
33:48 Chemistry
34:14 Two-Man Saw
33:48 Crop Rotation
35:11 Iron Casting
34:27 Fletching
36:00 Conscription
35:50 Citadels
36:17 Town Patrol
36:48 Masonry
36:26 Crossbowman
37:12 Thumb Ring
38:54 Blast Furnace
38:00 Scale Barding Armor
37:51 Bodkin Arrow
38:43 Architecture
37:54 Cavalier
40:49 Chain Barding Armor
41:35 Padded Archer Armor
41:36 Scale Mail Armor
41:01 Savar
41:02 Heavy Camel Rider
47:38 Leather Archer Armor
47:59 Plate Barding Armor
49:03 Heavy Scorpion
50:39 Hoardings
62:32 Elite War Elephant
64:44 Ring Archer Armor
Connection lost

Rejoining the realm…

Still unreachable

The connection could not be restored.

Session expired

The server has moved on; the page needs a fresh start.